 Dungeon Crawl Stone Soup version 0.31.0-11-ge490571c62 (webtiles) character file.

Game seed: 4311793319194952935

1969 Flugkiller the Frost Mage (level 9, 0/39 HPs)
             Began as a Vine Stalker Ice Elementalist on Feb 3, 2024.
             Succumbed to a hornet's poison
             ... on level 7 of the Dungeon.
             The game lasted 00:06:59 (1525 turns).

Flugkiller the Frost Mage (VSIE)                    Turns: 1525, Time: 00:06:59

Health: 0/39       AC: 12    Str: 11    XL:     9   Next: 20%
Magic:  1/22       EV: 12    Int: 25    God:
Gold:   253        SH:  0    Dex: 15    Spells: 15/25 levels left

rFire   . . .        c - +0 dagger
rCold   . . .        (no shield)
rNeg    . . .        a - +0 robe
rPois   .            (no helmet)
rElec   .            (no cloak)
rCorr   .            g - +0 pair of gloves
SInv    .            d - +0 pair of boots
Will    +....        (no amulet)
Stlth   ++           k - ring of wizardry
HPRegen 1.06/turn    p - +6 ring of intelligence
MPRegen 0.18/turn

%: guardian spirit, wizardry (x1)
@: mighty, lethally poisoned (0 -> -5), ice-armoured, freezing walls, slowed,
invisible, very slow
A: fangs 3, regeneration 1, magic shield, antimagic bite, no potion heal 2,
hooves 1
a: no special abilities


You were on level 7 of the Dungeon.
You visited 1 branch of the dungeon, and saw 7 of its levels.
You also visited: Ossuary.

You collected 253 gold pieces.

Inventory:

Hand Weapons
 c - a +0 dagger (weapon)
   (You took it off a kobold on level 2 of the Dungeon)
Missiles
 l - a throwing net
Armour
 a - a +0 robe (worn)
 d - a +0 pair of boots (worn)
   (You found it on level 3 of the Dungeon)
 g - a +0 pair of gloves (worn)
   (You found it on level 3 of the Dungeon)
 o - a +0 buckler
   (You found it on level 5 of the Dungeon)
Jewellery
 k - a ring of wizardry (left hand)
   (You found it on level 4 of the Dungeon)
 p - a +6 ring of intelligence (right hand)
   (You found it on level 6 of the Dungeon)
Wands
 q - a wand of flame (25)
   (You found it on level 6 of the Dungeon)
Scrolls
 f - a scroll of butterflies
 i - a scroll of brand weapon
 n - a scroll of silence
 s - a scroll of fog
 t - a scroll of teleportation
 v - a scroll of immolation {unknown}
 x - a scroll of blinking {unknown}
Potions
 b - a potion of magic
 h - 3 potions of haste
 m - 2 potions of mutation
 w - a potion of heal wounds


   Skills:
 - Level 1.5 Dodging
 - Level 2.4 Stealth
 + Level 8.6 Spellcasting
 + Level 9.3 Ice Magic


You had 15 spell levels left.
You knew the following spells:

 Your Spells              Type           Power      Damage    Failure   Level
a - Freeze                Ice            100%       1d10      1%          1
b - Frozen Ramparts       Ice            100%       1d16      1%          3
c - Ozocubu's Armour      Ice            55%        N/A       1%          3
d - Summon Ice Beast      Ice/Summ       34%        N/A       1%          3

Your spell library contained the following spells:

 Spells                   Type           Power      Damage    Failure   Level
 Foxfire                  Conj/Fire      40%        2x1d6     2%          1
 Magic Dart               Conj           40%        1d5       2%          1
 Summon Small Mammal      Summ           40%        N/A       2%          1


Dungeon Overview and Level Annotations

Branches:
Dungeon (7/15) Zot: 26924 Ossuary (visited)
 Temple: D:4-7

Altars:

Annotations:
D:7 Duvessa


Innate Abilities, Weirdness & Mutations

You have razor-sharp teeth.
Your natural rate of healing is unusually fast.
When hurt, damage is shared between your health and your magic reserves.
Your bite disrupts and absorbs the magic of your enemies.
Potions cannot restore your health.
You have large cloven feet.


Message History

The orc barely misses you.
You closely miss the orc. The orc barely misses you.
Your ice beast hits the orc.
Your ice beast freezes the orc.
You hit the orc.
You kill the orc!
Things that are here:
a +0 club; a +0 leather armour; an orc corpse Prince Ribbit comes into view.
Found a stone staircase leading up.
You see here 13 gold pieces.
You now have 253 gold pieces (gained 13).
Prince Ribbit gives a loud, deep croak!
You hear an angry buzzing noise.
Prince Ribbit hits you!
Unknown command.
Casting: Summon Ice Beast (safe; 1% risk of failure)
Confirm with . or Enter, or press ? or * to list all spells.
The walls around you are covered in ice.
Duvessa, Sister of Dowan comes into view.
She is wielding a +0 short sword.
The wall freezes Prince Ribbit.
Prince Ribbit seems to slow down.
Prince Ribbit blinks!
Casting: Frozen Ramparts (safe; 1% risk of failure)
Confirm with . or Enter, or press ? or * to list all spells.
A film of ice covers your body!
Prince Ribbit blinks!
A hornet comes into view.
Unknown command.
It was a potion of heal wounds.
That seemed strangely inert.
w - a potion of heal wounds;
m - 3 murky purple potions It was a potion of mutation.
You feel extremely strange.
Your feet thicken and deform.
Unknown command.
Unknown command.
Casting: Ozocubu's Armour (safe; 1% risk of failure)
Confirm with . or Enter, or press ? or * to list all spells.
Aiming: Freeze (safe; 1% risk of failure)
Press: ? - help, Shift-Dir - straight line, f - hornet
Aim: a hornet You freeze the hornet.
The hornet is lightly wounded.
The wall freezes the hornet.
The hornet stings you!
You are poisoned.
You feel yourself slow down.
The wall freezes Duvessa but does no damage.
The wall freezes the hornet but does no damage.
The hornet barely misses you.
Your ice beast closely misses Duvessa.
Casting: Freeze (safe; 1% risk of failure)
Confirm with . or Enter, or press ? or * to list all spells.
Aiming: Freeze (safe; 1% risk of failure)
Press: ? - help, Shift-Dir - straight line, f/p - hornet
Aim: a hornet (lightly wounded)
You freeze the hornet.
The hornet is moderately wounded.
You feel very sick.
The wall freezes the hornet!
The hornet stings you but does no damage.
The wall freezes Prince Ribbit.
Prince Ribbit seems to slow down.
Prince Ribbit barely misses your ice beast.
Your ice beast hits Prince Ribbit.
Your ice beast freezes Prince Ribbit!
Prince Ribbit seems to slow down.
The wall freezes the hornet.
The hornet stings you.
You feel as though you will be slow longer.
The wall freezes Duvessa but does no damage.
Duvessa hits you with a +0 short sword!
Casting: Freeze (safe; 1% risk of failure)
Confirm with . or Enter, or press ? or * to list all spells.
Aiming: Freeze (safe; 1% risk of failure)
Press: ? - help, Shift-Dir - straight line, f/p - hornet
Aim: a hornet (severely wounded)
You freeze the hornet.
The hornet is severely wounded.
You feel very sick.
The wall freezes the hornet.
The hornet stings you!
* * * LOW HITPOINT WARNING * * *
You are lethally poisoned!
You feel as though you will be slow longer.
Your ice beast hits Prince Ribbit.
Your ice beast freezes Prince Ribbit!
Prince Ribbit seems to slow down.
The wall freezes Prince Ribbit!
You kill Prince Ribbit!
Prince Ribbit returns to his original shape as he dies.
The wall freezes Duvessa!
Duvessa closely misses you.
The wall freezes the hornet!
You kill the hornet!
Your ice beast hits Duvessa but does no damage.
Your Ice Magic skill increases to level 9!
You have reached level 9!
Your experience leads to an increase in your attributes!
Your base attributes are Str 11, Int 17, Dex 15.
Increase (S)trength, (I)ntelligence, or (D)exterity?
You feel clever. x2
It was a potion of might.
You feel very mighty all of a sudden.
* * * LOW HITPOINT WARNING * * *
You feel extremely sick.
The wall freezes Duvessa.
Duvessa hits you but does no damage.
Your ice beast hits Duvessa but does no damage.
The wall freezes Duvessa but does no damage.
Duvessa hits you with a +0 short sword.
* * * LOW HITPOINT WARNING * * *
It was a potion of invisibility.
You fade into invisibility!
You die...

......... .........#
##........ ##
##........##.#### .
##......##....#..# ...
#................#
....##................#
.....†Y...............#
......e@#..)........#.#
.......####(........#.#
.....................#
.....<..##...........##
...#... ##..##.......#
.. #... ##.##.......##
. .... #.##.........
..... ...##........
#........


You could see Duvessa (unable to see you, ally target) and a friendly ice beast
(summoned).

Vanquished Creatures
  Prince Ribbit (D:7)
  A hornet (D:7)
  An ice beast (D:6)
  2 ogres (D:6)
  A centaur (D:6)
  A weeping skull (Ossuary)
  2 bullfrogs
  5 scorpions
  A howler monkey (D:6)
  A human zombie (Ossuary)
  2 hounds
  4 orc priests (D:5)
  An iguana (D:6)
  2 orc wizards (D:5)
  4 mummies (Ossuary)
  4 gnolls (D:4)
  6 adders
  A white imp (D:6)
  A dart slug (D:3)
  A ribbon worm (D:4)
  21 orcs
  2 ball pythons
  An endoplasm (D:3)
  2 gnoll zombies (Ossuary)
  5 goblins
  6 hobgoblins
  A jackal (D:3)
  3 kobolds
  2 quokkas
  A bat (D:3)
  2 kobold zombies (Ossuary)
  2 rats (D:3)
90 creatures vanquished.

Vanquished Creatures (collateral kills)
  An elf zombie (Ossuary)
  A burial acolyte (Ossuary)
  An iguana (D:6)
  An orc wizard (D:6)
  A mummy (Ossuary)
  2 shadow imps
  A gnoll zombie (Ossuary)
  An orc zombie (Ossuary)
9 creatures vanquished.

Grand Total: 99 creatures vanquished

Notes
Turn   | Place    | Note
-------+----------+-------------------------------------------
     0 | D:1      | Flugkiller the Vine Stalker Ice Elementalist began the
                  | quest for the Orb.
     0 | D:1      | Reached XP level 1. HP: 9/9 MP: 4/4
   107 | D:3      | Reached XP level 2. HP: 13/13 MP: 3/6
   140 | D:3      | Reached XP level 3. HP: 16/16 MP: 3/8
   152 | D:3      | Learned a level 3 spell: Frozen Ramparts
   253 | D:3      | Reached XP level 4. HP: 21/21 MP: 8/10
   453 | D:4      | Learned a level 3 spell: Ozocubu's Armour
   457 | D:4      | Learned a level 3 spell: Summon Ice Beast
   463 | D:4      | Reached skill level 5 in Ice Magic
   515 | D:4      | Reached XP level 5. HP: 24/24 MP: 9/11
   569 | D:5      | Entered Level 5 of the Dungeon
   586 | D:5      | Reached XP level 6. HP: 18/28 MP: 1/13
   637 | D:5      | Reached skill level 5 in Spellcasting
   637 | D:5      | Reached skill level 6 in Ice Magic
   740 | D:5      | Reached XP level 7. HP: 32/32 MP: 5/16
   882 | D:6      | Got Laogg's First Steps in Casting
  1046 | D:6      | Reached skill level 7 in Ice Magic
  1093 | D:6      | Gained mutation: You have razor-sharp teeth. [Vine Stalker
                  | growth]
  1093 | D:6      | Reached XP level 8. HP: 35/36 MP: 13/18
  1186 | D:6      | Reached skill level 8 in Ice Magic
  1259 | D:7      | Found a sand-covered staircase.
  1276 | Ossuary  | Entered an ossuary
  1511 | D:7      | Noticed Prince Ribbit
  1515 | D:7      | Noticed Duvessa
  1516 | D:7      | Noticed a hornet
  1519 | D:7      | Gained mutation: You have large cloven feet. [potion of
                  | mutation]
  1523 | D:7      | Killed Prince Ribbit
  1523 | D:7      | Killed a hornet
  1524 | D:7      | Reached skill level 9 in Ice Magic
  1524 | D:7      | Reached XP level 9. HP: 10/39 MP: 2/22
  1525 | D:7      | Succumbed to a hornet's poison

Illustrated notes

Levels and vault maps discovered:
D:1:      saegor_arrival_miasma, layout_rooms, chequers_mini_garden
D:2:      minmay_inner_zag, layout_basic, serial_shops, nicolae_shop_stone
D:3:      minmay_razor_zed, layout_basic, nicolae_twisty_statue_hallways
D:4:      layout_basic, minmay_temple_entry_mist
D:5:      layout_rooms
D:6:      layout_basic, elyvilon_altar_3, uniq_eustachio
D:7:      layout_cave_pools, enter_ossuary_1, grunt_ministairs_6,
          uniq_crazy_yiuf_cottage, uniq_prince_ribbit1, uniq_duvessa

Skill      XL: |  1  2  3  4  5  6  7  8 |
---------------+-------------------------+-----
Spellcasting   | 3 4 5 6 8 |  8.6
Ice Magic      | 5 6 7 9 |  9.3
Dodging        | |  1.5
Stealth        | |  2.4

Action                     |  1- 3 |  4- 6 |  7- 9 || total
---------------------------+-------+-------+-------++-------
  Melee: Unarmed           |     2 |       |       ||     2
         Dagger            |    21 |    47 |    97 ||   165
         Bite              |     4 |    17 |    41 ||    62
         Punch             |       |       |     4 ||     4
   Cast: Freeze            |    17 |    30 |    18 ||    65
         Frozen Ramparts   |       |     9 |    12 ||    21
         Ozocubu's Armour  |       |     2 |     7 ||     9
         Summon Ice Beast  |       |       |     7 ||     7
    Use: Scroll            |       |       |     7 ||     7
         Potion            |       |       |     4 ||     4
   Stab: Distracted        |       |       |     1 ||     1
 Armour: Robe              |    17 |    38 |    58 ||   113
  Dodge: Dodged            |    20 |    61 |    59 ||   140
